 Dungeon Crawl Stone Soup version 0.17-a0-1528-gfee3901 (webtiles) character file.

729 TheHolyPigeon the Thaumaturge (level 7, -5/36 HPs)
             Began as a Deep Elf Wizard on July 15, 2015.
             Was an Initiate of Yredelemnul.
             Slain by a centaur skeleton (7 damage)
             ... on level 5 of the Dungeon.
             The game lasted 00:28:14 (6885 turns).

TheHolyPigeon the Thaumaturge (Deep Elf Wizard)     Turns: 6885, Time: 00:28:16

Health: -5/36      AC:  4    Str:  4    XL:     7   Next: 44%
Magic:  15/21      EV: 12    Int: 25    God:    Yredelemnul [......]
Gold:   244        SH:  0    Dex: 13    Spells: 4 memorised, 16 levels left

rFire  . . .     SeeInvis .     g - +1 falchion
rCold  . . .     Clarity  .     a - +0 robe
rNeg   . . .     SustAt   .     (no shield)
rPois  .         Gourm    .     b - +1 hat
rElec  .         Spirit   .     (no cloak)
rCorr  .         Warding  .     h - +0 pair of gloves
rMut   .         Stasis   .     (no boots)
MR     .....                    (no amulet)
Stlth  ++........               (no ring)
                                (no ring)

@: not resistant to hostile enchantments, unstealthy
A: no striking features
a: Renounce Religion


You were on level 5 of the Dungeon.
You worshipped Yredelemnul.
Yredelemnul was noncommittal.
You were not hungry.

You visited 2 branches of the dungeon, and saw 7 of its levels.

You collected 244 gold pieces.

Inventory:

Hand weapons
 g - a +1 falchion (weapon)
Armour
 a - a +0 robe (worn)
 b - a +1 hat (worn)
 h - a +0 pair of gloves (worn)
Jewellery
 m - an uncursed ring of ice {unknown}
 r - an uncursed ring of magical power {unknown}
Scrolls
 e - 2 scrolls of identify
 f - 3 scrolls of teleportation
 i - a scroll of recharging
 j - 3 scrolls of remove curse
 k - a scroll of immolation
 n - a scroll of enchant armour
Potions
 d - 2 potions of curing
 p - a potion of brilliance
Books
 c - a book of Minor Magic

   Spells                             Type                      Level
   a - Magic Dart                     Conjuration                  1
   b - Blink                          Translocation                2
   c - Call Imp                       Summoning                    2
   d - Repel Missiles                 Charms/Air                   2
   e - Slow                           Hexes                        2
   f - Conjure Flame                  Conjuration/Fire             3
   g - Mephitic Cloud                 Conjuration/Poison/Air       3
Comestibles
 l - a bread ration
 q - a meat ration


   Skills:
 - Level 2.4 Dodging
 - Level 2.4 Stealth
 + Level 8.5 Spellcasting
 - Level 6.6 Conjurations
 - Level 1.1 Summonings
 - Level 1.1 Translocations


You had 16 spell levels left.
You knew the following spells:

 Your Spells              Type           Power        Failure   Level  Hunger
a - Magic Dart            Conj           ####         1%          1    None
b - Blink                 Tloc           N/A          8%          2    None
c - Repel Missiles        Chrm/Air       ##....       10%         2    None
d - Call Imp              Summ           ###.....     8%          2    None


Dungeon Overview and Level Annotations

Branches:
Dungeon (6/15)             Temple (1/1) D:4

Altars:
Ashenzari
Dithmenos
Fedhas
Gozag
Makhleb
Nemelex Xobeh
Okawaru
Ru
Sif Muna
Trog
Vehumet
Xom
Yredelemnul
Zin


Message History

The orc priest hits you. The orc hits you but does no damage.
The centaur skeleton barely misses you.
The orc priest calls upon Beogh to heal the orc wizard.
The orc wizard's wounds heal themselves!
Casting: Magic Dart
Confirm with . or Enter, or press ? or * to list all spells.
Aiming: Magic Dart
Press: ? - help, Shift-Dir - straight line, f/p - orc wizard
Aim: an orc wizard, wielding a dagger and wearing a robe The magic dart hits the centaur skeleton.
The centaur skeleton hits you.
The orc priest calls down the wrath of Beogh upon you.
Something smites you!
A kobold comes into view.
The kobold shouts!
The kobold zaps a wand.
The magic dart hits you!
* * * LOW HITPOINT WARNING * * *
It is a wand of magic darts.
The centaur skeleton hits you!
You die...
Your body rises from the dead as a mindless zombie.

... .... .....
#######...
##.....#.#
#>.......#
#........#
#.......########
#......oooZ@...#
#.......#####....#
##.....## ....K
####### ...# ..#
.# #


You could see an orc priest, an orc wizard, an orc, a kobold and a centaur
skeleton.

Vanquished Creatures
  Menkaure (D:4)
  An ogre (D:4)
  2 orc wizards
  4 orc priests
  4 hounds (D:4)
  2 worker ants (D:4)
  5 gnolls
  An adder (D:2)
  A worm (D:2)
  5 giant geckos
  13 orcs
  2 ball pythons
  5 giant cockroaches
  10 goblins
  10 hobgoblins
  3 jackals (D:1)
  12 kobolds
  3 quokkas
  A ball python skeleton (D:5)
  A ball python zombie (D:3)
  16 bats
  3 giant newts
  A jackal skeleton (D:5)
  7 rats
113 creatures vanquished.

Vanquished Creatures (others)
  A plant (D:1)
1 creature vanquished.

Grand Total: 114 creatures vanquished

Notes
Turn   | Place    | Note
--------------------------------------------------------------
     0 | D:1      | TheHolyPigeon the Deep Elf Wizard began the quest for the Orb.
     0 | D:1      | Reached XP level 1. HP: 10/10 MP: 7/7
   362 | D:1      | Reached XP level 2. HP: 15/15 MP: 7/9
   784 | D:1      | Reached XP level 3. HP: 19/19 MP: 7/10
  2446 | D:2      | Reached XP level 4. HP: 24/24 MP: 7/12
  2523 | D:2      | Found an opulent altar of Gozag.
  2768 | D:2      | Found a deep blue altar of Sif Muna.
  2773 | D:2      | Found an iron altar of Okawaru.
  2787 | D:2      | Found a shimmering altar of Xom.
  3097 | D:2      | Found a glowing silver altar of Zin.
  3239 | D:3      | Reached skill level 5 in Conjurations
  3798 | D:3      | Reached XP level 5. HP: 14/28 MP: 7/13
  4063 | D:3      | Reached skill level 6 in Conjurations
  4679 | D:3      | Learned a level 2 spell: Blink
  4682 | D:3      | Learned a level 2 spell: Repel Missiles
  4736 | D:4      | Reached XP level 6. HP: 32/32 MP: 8/14
  4947 | D:5      | Entered Level 5 of the Dungeon
  4947 | D:5      | Found a radiant altar of Vehumet.
  4989 | D:4      | Reached skill level 5 in Spellcasting
  4991 | D:4      | Noticed an ogre
  4999 | D:4      | Killed an ogre
  5456 | D:4      | Reached skill level 7 in Spellcasting
  5663 | D:4      | Reached XP level 7. HP: 36/36 MP: 14/19
  5879 | D:4      | Learned a level 2 spell: Call Imp
  5900 | D:4      | Noticed Menkaure
  5907 | D:4      | Killed Menkaure
  5907 | D:4      | Reached skill level 8 in Spellcasting
  6271 | D:4      | Found a staircase to the Ecumenical Temple.
  6280 | Temple   | Entered the Ecumenical Temple
  6567 | Temple   | Became a worshipper of Yredelemnul the Dark
  6885 | D:5      | Slain by a centaur skeleton

Vault maps used:
D:1:      minmay_arrival_plants_in_alcoves, minmay_misc_feat_room,
          lexackson_kobold_supper
D:2:      zin_scriptorium, grunt_temple_overflow_cloverleaf
D:3:      first_bread
D:4:      minmay_temple_entry_enclosed_plants, uniq_menkaure
D:5:      vehumet_altar_wand_db, serial_shops, shop, basic_altar,
          uniq_crazy_yiuf_cottage
D:6:      elyvilon_altar_3, tso_metal_star
Temple:   circular_temple_pool_8

Action                   |  1- 3 |  4- 6 |  7- 9 || total
-------------------------+-------+-------+-------++-------
Melee: Unarmed           |    46 |       |       ||    46
       Falchion          |       |     7 |     8 ||    15
 Cast: Magic Dart        |   107 |   166 |    64 ||   337
       Repel Missiles    |       |     1 |       ||     1
       Blink             |       |       |     4 ||     4
       Call Imp          |       |       |     2 ||     2
  Use: Potion            |     3 |     3 |     3 ||     9
       Scroll            |       |     8 |       ||     8
  Eat: Bread ration      |     1 |       |       ||     1
       Fruit             |       |     8 |       ||     8
       Beef jerky        |       |     1 |       ||     1
       Meat ration       |       |     1 |       ||     1
       Pizza             |       |       |     1 ||     1
